 Dungeon Crawl Stone Soup version 0.30-a0-718-geaa24f58ff (webtiles) character file.

Game seed: 8507263001232816020

3889 kae the Changer (level 10, -3/68 (69) HPs)
             Began as a Demonspawn Transmuter on Jan 25, 2023.
             Was a Believer of Hepliaklqana.
             Slain by Appia the hexer
             ... wielding a +0 dagger of draining
             ... created by the player character
              (5 damage)
             ... on level 8 of the Dungeon.
             The game lasted 00:08:36 (7587 turns).

kae the Changer (Demonspawn Transmuter)             Turns: 7587, Time: 00:08:37

HP:   -3/68 (69)    AC: 12    Str: 12    XL:     10   Next: 0%
MP:   27/27         EV: 10    Int: 17    God:    Hepliaklqana [**....]
Gold: 372           SH:  4    Dex: 14    Spells: 10/20 levels left

rFire   x . .      SeeInvis .      - Unarmed
rCold   + + +      Faith    .    (shield currently unavailable)
rNeg    . . .      Spirit   .    (body armour currently unavailable)
rPois   +          Reflect  .    (helmet currently unavailable)
rElec   .          Harm     .    (cloak currently unavailable)
rCorr   .          Rampage  .    (gloves currently unavailable)
Will    +....                    (boots currently unavailable)
Stlth   +                        (no amulet)
HPRegen 0.31/turn                j - ring of willpower
MPRegen 0.20/turn                W - ring of magical power

@: ice-form, lightly drained
A: freezing attack, amphibious, boosted hp, reduced essence, large, demonic
guardian 2, icemail 1, (sharp scales 3), condensation shield
a: End Transformation, Renounce Religion, Recall Ancestor, Ancestor Identity


You were on level 8 of the Dungeon.
You worshipped Hepliaklqana.
Hepliaklqana was pleased with you.
You were a creature of crystalline ice.
You visited 2 branches of the dungeon, and saw 9 of its levels.

You collected 447 gold pieces.
You spent 75 gold pieces at shops.


Innate Abilities, Weirdness & Mutations

You are a creature of crystalline ice.
You have a powerful freezing melee attack.
You are amphibious.
Your maximum health is increased.
Your armour is entirely melded.
You are incapable of wielding weapons or throwing items.
Your life essence is reduced to manifest your ancestor. (-10% HP)
A demonic guardian rushes to your aid.
A meltable icy envelope protects you from harm. (AC +4)
((You are completely covered in razor-sharp scales. (AC +3, Slay +3)))
A meltable shield of frost defends you. (SH +4)


   Skills:
 - Level 1.0 Fighting
 - Level 1.7 Dodging
 + Level 5.9 Unarmed Combat
 + Level 5.5 Spellcasting
 * Level 7.8 Transmutations
 * Level 7.5 Ice Magic
 - Level 1.8 Poison Magic


You had 10 spell levels left.
You knew the following spells:

 Your Spells              Type           Power      Damage    Failure   Level
a - Beastly Appendage     Tmut           62%        N/A       1%          1
b - Wereblood             Tmut           31%        N/A       1%          2
c - Spider Form           Tmut/Pois      21%        N/A       5%          3
d - Ice Form              Ice/Tmut       30%        N/A       6%          4

Your spell library contained the following spells:

 Spells                   Type           Power      Damage    Failure   Level
 Magic Dart               Conj           16%        1d3       14%         1
 Summon Small Mammal      Summ           16%        N/A       14%         1
 Scorch                   Fire           8%         2d5       21%         2
 Searing Ray              Conj           8%         2d4       21%         2
 Call Canine Familiar     Summ           4%         N/A       38%         3
 Summon Guardian Golem    Hex/Summ       4%         N/A       38%         3
 Flame Wave               Conj/Fire      4%         2d5       80%         4
 Fulminant Prism          Conj/Hex       2%         3d5       80%         4
 Summon Cactus Giant      Summ           2%         N/A       100%        6

Inventory:

Missiles
 c - 76 stones
 e - 7 boomerangs
Armour
 a - a +1 robe (melded)
 x - a +0 cloak (melded)
   (You took it off Crazy Yiuf on level 6 of the Dungeon)
Magical Staves
 k - a staff of fire {!a}
   (You found it on level 2 of the Dungeon)
Jewellery
 j - a ring of willpower (left front paw)
   (You found it on level 2 of the Dungeon)
 C - a ring of protection from cold
   (You found it on level 2 of the Dungeon)
 W - a ring of magical power (right front paw)
   (You found it on level 1 of the Dungeon)
Wands
 n - a wand of flame (46)
   (You found it on level 2 of the Dungeon)
 s - a wand of iceblast (9)
   (You took it off Pikel on level 5 of the Dungeon)
Scrolls
 d - a scroll of enchant weapon
 h - a scroll of fog
 i - 4 scrolls of teleportation {@r4}
 o - a scroll of poison {!r}
 t - a scroll of identify {@r1}
 y - a scroll of fear
 z - a scroll of vulnerability {unknown}
Potions
 b - 4 potions of lignification {!q}
 f - 6 potions of curing {unknown}
 g - a potion of flight
 l - 3 potions of magic {unknown}
 m - 3 potions of degeneration {!q}
 p - 3 potions of ambrosia {unknown}
 r - a potion of haste {@q3}
 u - 2 potions of brilliance
 v - 2 potions of attraction {unknown}
 w - a potion of mutation {unknown}
 A - 2 potions of might {unknown}

Dungeon Overview and Level Annotations

Branches:
Dungeon (8/15) Zot: 26862  Temple (1/1) D:4 Zot: 5822
   Lair: D:8-11

Altars:
Ashenzari
Dithmenos
Fedhas
Gozag
Hepliaklqana
Makhleb
Nemelex Xobeh
Okawaru
Ru
Sif Muna
Trog
Uskayaw
Vehumet
Wu Jian
Xom
Yredelemnul

Shops:
D:2 *

Annotations:
D:3 2 transporters, funkygono's ghost, amateur DsFE

...# #..# #..#
#..### #....#
### #.#####.##.#
..# #.#...†44..#
#.# #.#.###R#..#
..# #.#.###Y#4.#
#.# #.#.....#..#
##.#
#...#####......#
###..#
#.............##
#.?..#
#.......###.#...
#R#[.###.......#
.......
#.#..)..##.....#
##.....
#.#.###.######.#
###..
#.#.#....#.....#
..


You could see the friendly Appia the hexer (confused), a friendly orange demon
(summoned) and a friendly rust devil (summoned).


Message History

Unknown command.
You hit the vampire but do no damage.
Appia barely misses the vampire.
The vampire hits you!
* * * LOW HITPOINT WARNING * * *
The vampire misses you.
Appia hits the vampire but does no damage. 😨 HP[-11]
You take 11 damage, and now have 28/63 hp.
Unknown command.
You hit the vampire but do no damage.
Your primal bloodlust has ended.
Appia hits the vampire with a +0 dagger of draining.
The vampire hits you but does no damage.
The vampire bites you.
* * * LOW HITPOINT WARNING * * *
The vampire draws strength from your injuries!
Appia closely misses the vampire. 😨 HP[-5]
You take 5 damage, and now have 23/63 hp.
Unknown command.
You completely miss the vampire.
Appia hits the vampire but does no damage.
The vampire hits you!
* * * LOW HITPOINT WARNING * * *
The vampire bites you.
* * * LOW HITPOINT WARNING * * *
A demonic guardian appears!
The vampire draws strength from your injuries!
Appia misses the vampire. 😱 HP[-13]
You take 13 damage, and now have 10/63 hp.
MASSIVE DAMAGE!! (PAUSE) Unknown command.
You punch the vampire! You freeze the vampire.
Appia hits the vampire but does no damage.
You block the vampire's attack. The vampire bites you!
* * * LOW HITPOINT WARNING * * *
The vampire draws strength from your injuries!
Appia hits the vampire with a +0 dagger of draining. 😱 HP[-9]
You take 9 damage, and now have 1/63 hp.
Unknown command.
Unknown command.
Unknown command.
You feel much better.
Your orange demon stings the vampire!
Your orange demon hits the vampire but does no damage.
Appia barely misses the vampire.
The vampire draws life force from you!
* * * LOW HITPOINT WARNING * * *
The vampire is healed by the life force!
Appia hits the vampire with a +0 dagger of draining! 😱 HP[+6] MP[+1]
You regained 6 hp, and now have 7/63 hp.
Your mp is fully restored (26).
Unknown command.
Your orange demon completely misses the vampire.
Your orange demon hits the vampire but does no damage.
Appia points at the vampire and mumbles some strange words.
The vampire easily resists.
The vampire casts a spell at Appia.
Appia appears confused. 😱 HP[+1]
Your orange demon stings the vampire!
Your orange demon barely misses the vampire.
Appia completely misses themself.
The vampire completely misses Appia.
The vampire bites Appia.
Appia hits the vampire with a +0 dagger of draining.
Appia appears confused.
You swap places.
Your orange demon barely misses the vampire. x2
Appia hits you but does no damage.
You feel drained.
Appia hits you with a +0 dagger of draining.
* * * LOW HITPOINT WARNING * * *
A demonic guardian appears!
You feel drained.
* * * LOW HITPOINT WARNING * * *
Appia barely misses themself. 😱 HP[-4]
You now have 61 max hp (-2).
You take 4 damage, and now have 4/61 hp.
Okay, then.
You hit the vampire.
You destroy the vampire!
Your life force feels restored.
You have reached level 10!
Your demonic ancestry asserts itself...
Sharp scales cover your body completely.
Appia remembers more of their old skill. 😱 MP[+1]
You now have 69 max hp (+8).
Your mp is fully restored (27).
You swap places. 😱 HP[+1] Unknown command.
Appia hits you with a +0 dagger of draining.
* * * LOW HITPOINT WARNING * * *
You feel drained.
* * * LOW HITPOINT WARNING * * *
Appia barely misses you.
Appia barely misses themself.
Appia hits you with a +0 dagger of draining.
You die...

Skill      XL: |  1  2  3  4  5  6  7  8  9 |
---------------+----------------------------+-----
Transmutations | 2 3 4 5 6 7 |  7.8
Unarmed Combat | 3 4 5 |  5.9
Poison Magic   | 1 |  1.8
Ice Magic      | 3 4 6 7 |  7.5
Spellcasting   | 3 4 5 |  5.5
Fighting       | |  1.0
Dodging        | |  1.7

Action                     |  1- 3 |  4- 6 |  7- 9 | 10-12 || total
---------------------------+-------+-------+-------+-------++-------
  Melee: Unarmed           |   102 |   159 |   243 |       ||   504
         Kick              |    22 |    17 |     5 |       ||    44
         Headbutt          |    15 |     8 |     3 |       ||    26
         Punch             |       |     2 |     1 |       ||     3
   Cast: Beastly Appendage |    17 |    20 |     3 |       ||    40
         Spider Form       |     2 |     6 |    15 |       ||    23
         Ice Form          |       |       |    20 |       ||    20
         Wereblood         |       |       |     7 |       ||     7
 Invoke: Ancestor Life: He |       |       |     1 |       ||     1
Ability: End Transformatio |       |       |     1 |       ||     1
    Use: Scroll            |       |     9 |     7 |       ||    16
         Potion            |       |       |     1 |       ||     1
   Stab: Sleeping          |     1 |     3 |       |       ||     4
         Confused          |       |       |     1 |       ||     1
 Armour: Robe              |    31 |    37 |     7 |       ||    75
         Skin              |     1 |     2 |    67 |       ||    70
  Dodge: Dodged            |    71 |    94 |    92 |     1 ||   258
  Block: Other             |       |    25 |    41 |       ||    66

Levels and vault maps discovered:
D:1:      elethiomel_arrival_quiet, layout_loops_ring,
          hellmonk_ecumenical_altar_pennies_from_heaven,
          chequers_serial_rivers_room_b
D:2:      minmay_razor_zed, layout_loops_ring, serial_shops,
          nicolae_shop_advertising_works [nicolae_subvault_shop_adworks],
          minivault_23, minmay_quantized
D:3:      layout_rooms, nicolae_hepliaklqana_hazy_memory, gammafunk_ghost_smash,
          uniq_sigmund
D:4:      layout_basic, fedhas_altar_1, mainiacjoe_overflow_boulevard,
          minmay_temple_entry_antechambers, grunt_ministairs_7
D:5:      layout_loops_ring, uniq_pikel
D:6:      layout_cave_pools, serial_column_ruins, column_ruins_circle_medium,
          column_ruins_hut, column_ruins_columns_dead_end,
          column_ruins_open_tiny, column_ruins_open_tiny,
          column_ruins_open_tiny, uniq_crazy_yiuf_cottage
D:7:      layout_basic, serial_aquarium, aquarium_bridge_island_small
          [aquarium_subvault_small_water, aquarium_subvault_window,
          aquarium_subvault_bridge, aquarium_subvault_window,
          aquarium_subvault_wall], aquarium_window_2,
          aquarium_window_corridor_1, aquarium_window_fake,
          aquarium_window_fake, aquarium_view_2c, aquarium_view_2d,
          aquarium_balcony_5b, nicolae_grassy_gnolls
D:8:      old_forge, layout_basic, serial_shops, shop
Temple:   eino_temple_scatter_basement

Notes
Turn   | Place    | Note
-------+----------+-------------------------------------------
     0 | D:1      | kae the Demonspawn Transmuter began the quest for the Orb.
     0 | D:1      | Reached XP level 1. HP: 15/15 MP: 3/3
     0 | D:1      | magus.rc [v1.11.3]
    40 | D:1      | Reached skill level 2 in Transmutations
    46 | D:1      | Gained mutation: You are partially covered in razor-sharp
                  | scales. (AC +1, Slay +1) [demonic ancestry]
    46 | D:1      | Reached XP level 2. HP: 9/21 MP: 3/5
   233 | D:1      | Reached skill level 3 in Unarmed Combat
   392 | D:1      | Gained mutation: A weak demonic guardian rushes to your
                  | aid. [demonic ancestry]
   392 | D:1      | Reached XP level 3. HP: 24/26 MP: 4/6
   402 | D:1      | Learned a level 2 spell: Wereblood
   406 | D:1      | Learned a level 3 spell: Spider Form
   513 | D:1      | Found a faded altar of an unknown god.
   892 | D:2      | Reached skill level 1 in Poison Magic
   920 | D:2      | Gained mutation: A meltable shield of frost defends you.
                  | (SH +4) [demonic ancestry]
   920 | D:2      | Reached XP level 4. HP: 28/32 MP: 5/7
   978 | D:2      | Reached skill level 3 in Transmutations
  1666 | D:2      | You pick up a book of Conjurations and begin reading...
  1666 | D:2      | You add the spells Magic Dart, Searing Ray and Fulminant
                  | Prism to your library.
  1715 | D:2      | Gained mutation: A meltable icy envelope protects you from
                  | harm. (AC +4) [demonic ancestry]
  1715 | D:2      | Reached XP level 5. HP: 35/37 MP: 6/9
  1812 | D:2      | Found Gythrixid's Assorted Antiques.
  1820 | D:2      | Bought a scroll labelled XEJ TOYTSA for 26 gold pieces
  1820 | D:2      | Bought a scroll labelled ZAGINY EMOOFIOM for 26 gold pieces
  1820 | D:2      | Bought a brown potion for 23 gold pieces
  2228 | D:3      | Found a transporter.
  2229 | D:3      | Noticed funkygono's ghost (amateur DsFE)
  2231 | D:3      | Noticed an ogre
  2232 | D:3      | Noticed an ogre
  2291 | D:3      | Found a transporter.
  2433 | D:3      | Found a hazy altar of Hepliaklqana.
  2529 | D:3      | Noticed Sigmund
  2539 | D:3      | Killed Sigmund
  2540 | D:3      | Reached skill level 3 in Ice Magic
  2540 | D:3      | Reached XP level 6. HP: 43/43 MP: 10/10
  2545 | D:3      | Learned a level 4 spell: Ice Form
  2801 | D:4      | Reached skill level 3 in Spellcasting
  2811 | D:4      | Reached skill level 4 in Transmutations
  2811 | D:4      | Found a radiant altar of Vehumet.
  3011 | D:4      | Gained mutation: A demonic guardian rushes to your aid.
                  | [demonic ancestry]
  3011 | D:4      | Reached XP level 7. HP: 48/48 MP: 11/11
  3052 | D:4      | Found a blossoming altar of Fedhas.
  3174 | D:4      | Reached skill level 4 in Ice Magic
  3182 | D:4      | Reached skill level 4 in Unarmed Combat
  3263 | D:4      | Found a staircase to the Ecumenical Temple.
  3272 | Temple   | Entered the Ecumenical Temple
  3462 | D:4      | You pick up a book of Callings and begin reading...
  3462 | D:4      | You add the spells Summon Small Mammal, Call Canine
                  | Familiar and Summon Guardian Golem to your library.
  3571 | D:3      | Became a worshipper of Hepliaklqana the Forgotten
  3680 | D:4      | You pick up a book of Scorching and begin reading...
  3680 | D:4      | You add the spells Scorch, Flame Wave and Summon Cactus
                  | Giant to your library.
  4060 | D:5      | Entered Level 5 of the Dungeon
  4073 | D:5      | Reached skill level 5 in Transmutations
  4073 | D:5      | Reached XP level 8. HP: 37/54 MP: 13/13
  4076 | D:5      | HP: 16/64 [ogre/+0 giant club (19)]
  4086 | D:5      | HP: 4/64 [shadow imp/nerve-wracking pain (14)]
  4369 | D:5      | Reached skill level 5 in Ice Magic
  4644 | D:5      | Reached * piety under Hepliaklqana
  4715 | D:5      | Reached skill level 4 in Spellcasting
  4897 | D:5      | Noticed Pikel
  4913 | D:5      | HP: 14/57 [Pikel/+2 whip of flaming (1)]
  4915 | D:5      | Killed Pikel
  4916 | D:5      | Reached skill level 6 in Transmutations
  5380 | D:6      | Reached skill level 5 in Unarmed Combat
  5380 | D:6      | Reached skill level 6 in Ice Magic
  5446 | D:6      | Gained mutation: You are mostly covered in razor-sharp
                  | scales. (AC +2, Slay +2) [demonic ancestry]
  5446 | D:6      | Reached XP level 9. HP: 53/53 MP: 15/15
  5626 | D:6      | Found a runed translucent door.
  5627 | D:6      | Noticed Crazy Yiuf
  5661 | D:6      | HP: 12/63 [steam dragon (4)]
  6022 | D:6      | Identified the +4 chain mail of Oparall {-Tele Will+ Int+5
                  | Slay+3}
  6292 | D:6      | Killed Crazy Yiuf
  6293 | D:6      | Reached skill level 5 in Spellcasting
  6370 | D:7      | Reached skill level 7 in Transmutations
  6582 | D:7      | Reached ** piety under Hepliaklqana
  6629 | D:7      | Reached skill level 7 in Ice Magic
  7069 | D:7      | HP: 11/61 [wight/+3 scimitar of freezing (13)]
  7407 | D:7      | Remembered your ancestor Appia as a hexer
  7575 | D:8      | HP: 10/63 [vampire (6)]
  7576 | D:8      | HP: 1/63 [vampire (9)]
  7581 | D:8      | HP: 5/62 [Appia the hexer/+0 dagger of draining[the player
                  | character] (4)]
  7583 | D:8      | Gained mutation: You are completely covered in razor-sharp
                  | scales. (AC +3, Slay +3) [demonic ancestry]
  7583 | D:8      | Reached XP level 10. HP: 4/58 MP: 18/18
  7586 | D:8      | HP: 3/69 [Appia the hexer/+0 dagger of draining[the player
                  | character] (3)]
  7587 | D:8      | Slain by Appia the hexer

Vanquished Creatures
  Pikel (D:5)
  Sigmund (D:3)
  A vampire (D:8)
  2 steam dragons (D:6)
  2 water moccasins (D:7)
  2 ice beasts
  A sky beast (D:7)
  2 ogres (D:4)
  A centaur (D:6)
  2 phantoms
  3 necrophages
  2 scorpions (D:4)
  3 wights (D:7)
  3 killer bees (D:8)
  3 gnoll boudas
  3 hounds
  2 jellies
  Crazy Yiuf (D:6)
  5 orc priests
  3 iguanas
  3 orc wizards
  9 gnolls
  9 adders
  A shadow imp (D:5)
  3 white imps
  2 worms
  3 dart slugs
  12 orcs
  9 ball pythons
  3 endoplasms
  2 giant cockroaches (D:1)
  16 goblins
  9 hobgoblins
  13 jackals
  4 quokkas
  11 bats
  4 frilled lizards
  6 kobolds
  6 rats
168 creatures vanquished.

Vanquished Creatures (collateral kills)
  3 ogres
  A phantom (D:5)
  2 wights (D:7)
  A howler monkey (D:5)
  An orc priest (D:6)
  2 gnolls (D:6)
  An adder (D:4)
  A shadow imp (D:4)
  3 orcs
  A ball python (D:2)
16 creatures vanquished.

Vanquished Creatures (others)
  5 plants
5 creatures vanquished.

Grand Total: 189 creatures vanquished

Table legend:
 A = Non-vault XP
 B = Vault XP
 C = Vault XP percentage of total XP
 D = Non-vault monster count
 E = Vault monster count
 F = Vault count percentage of total count
                 A         B        C        D         E       F
            +---------+---------+-------+---------+---------+-------
      Total |    4364 |    1193 |  21.5 |     157 |      27 |  14.7
            +---------+---------+-------+---------+---------+-------
        D:1 |      69 |       0 |   0.0 |      31 |       0 |   0.0
        D:2 |      73 |      65 |  47.1 |      27 |      17 |  38.6
        D:3 |      48 |     214 |  81.7 |      16 |       1 |   5.9
        D:4 |     657 |      82 |  11.1 |      20 |       2 |   9.1
        D:5 |     801 |     663 |  45.3 |      20 |       1 |   4.8
        D:6 |    1031 |      41 |   3.8 |      17 |       1 |   5.6
        D:7 |    1294 |     128 |   9.0 |      22 |       5 |  18.5
        D:8 |     391 |       0 |   0.0 |       4 |       0 |   0.0
            +---------+---------+-------+---------+---------+-------

Illustrated notes

Table legend:
 A = Kills in this place as a percentage of kills in entire the game.
 B = Kills by you in this place as a percentage of kills by you in the entire game.
 C = Kills by friends in this place as a percentage of kills by friends in the entire game.
 D = Other kills in this place as a percentage of other kills in the entire game.
 E = Experience gained in this place as a percentage of experience gained in the entire game.
 F = Experience gained in this place divided by the number of levels of this place that you have seen.
                   A       B       C       D       E      F
               +-------+-------+-------+-------+-------+----------------------
         Total | 100.0 | 100.0 | 100.0 |   N/A | 100.0 | 617.4
       Dungeon | 100.0 | 100.0 | 100.0 |   N/A | 100.0 | 694.6
               +-------+-------+-------+-------+-------+----------------------

Table legend: (Time is in decaauts)
 A = Elapsed time spent in this place.
 B = Non-inter-level travel time spent in this place.
 C = Inter-level travel time spent in this place.
 D = Time resting spent in this place.
 E = Time spent auto-exploring this place.
 F = Levels seen in this place.
 G = Mean time per level.
                   A        B        C        D        E       F      G
               +--------+--------+--------+--------+--------+-----+--------+
         Total |   7551 |   7220 |    331 |     65 |   5936 |   9 |  839.0 |
       Dungeon |   7373 |   7056 |    317 |     65 |   5787 |   8 |  921.6 |
        Temple |    177 |    164 |     13 |      0 |    149 |   1 |  177.0 |
               +--------+--------+--------+--------+--------+-----+--------+

Top non-repeatable levels by time:
     D:4: 1342 daAuts
     D:2: 1230 daAuts
     D:7: 1115 daAuts
     D:5: 1114 daAuts
     D:6: 962 daAuts
     D:1: 804 daAuts
     D:3: 667 daAuts
  Temple: 177 daAuts
     D:8: 136 daAuts
